 Dungeon Crawl Stone Soup version 0.32-a0-913-g739538afd8 (webtiles) character file.

Game seed: 17319678568876673106

284 BobbitoMcGitto the Covered (level 6, -2/53 HPs)
             Began as a Mountain Dwarf Fighter on Apr 8, 2024.
             Was an Initiate of Makhleb.
             Slain by a gnoll sergeant
             ... wielding a +4 spear of flaming
              (5 damage)
             ... on level 5 of the Dungeon.
             The game lasted 00:13:20 (3396 turns).

BobbitoMcGitto the Covered (Mountain Dwarf Fighter) Turns: 3396, Time: 00:13:20

Health: -2/53      AC:  9    Str: 21    XL:     6   Next: 7%
Magic:  0/6        EV:  8    Int:  8    God:    Makhleb [......]
Gold:   85         SH:  4    Dex:  9    Spells: 5/5 levels left

rFire   . . .        y - +2 long sword (vamp)
rCold   . . .        c - +0 buckler
rNeg    . . .        b - +0 scale mail
rPois   .            (no helmet)
rElec   .            (no cloak)
rCorr   .            f - +0 pair of gloves
SInv    .            r - +0 pair of boots
Will    .....        t - amulet of guardian spirit Stlth
                     (no ring)
HPRegen 0.28/turn    (no ring)
MPRegen 0.10/turn

%: guardian spirit
@: invisible
A: runic magic, artefact enchanting
a: Renounce Religion


You were on level 5 of the Dungeon.
You worshipped Makhleb.
Makhleb was noncommittal.
You visited 1 branch of the dungeon, and saw 5 of its levels.

You collected 228 gold pieces.
You spent 143 gold pieces at shops.

Inventory:

Hand Weapons
 a - a +0 war axe
 d - a +0 spear
 y - a +2 vampiric long sword (weapon)
Missiles
 h - 6 poisoned darts (quivered)
Armour
 b - a +0 scale mail (worn)
 c - a +0 buckler (worn)
 f - a +0 pair of gloves (worn)
 j - a +0 leather armour
 n - a +0 ring mail
 r - a +0 pair of boots (worn)
 x - a +2 robe of cold resistance
Jewellery
 t - an amulet of guardian spirit (around neck)
Talismans
 s - a flux talisman
Scrolls
 k - a scroll of revelation {unknown}
 l - a scroll of summoning {unknown}
 m - 4 scrolls of identify {unknown}
 o - 2 scrolls of fog {unknown}
 q - a scroll of fear {unknown}
 v - a scroll of teleportation {unknown}
Potions
 g - a potion of degeneration {unknown}
 i - 3 potions of attraction {unknown}
 p - a potion of resistance {unknown}
 u - a potion of magic {unknown}
 w - a potion of invisibility
 z - a potion of brilliance {unknown}
 A - a potion of lignification {unknown}
 B - a potion of cancellation {unknown}


   Skills:
 + Level 4.3 Fighting
 + Level 2.0 Long Blades
 + Level 3.9 Axes
 + Level 4.8 Armour
 + Level 0.2 Dodging
 + Level 0.1 Stealth
 + Level 4.1 Shields


You had 5 spell levels left.
You didn't know any spells.
Your spell library contained the following spells:

 Spells                   Type           Power      Damage    Failure   Level
 Stone Arrow              Conj/Erth      0%         3d7       90%         3
 Animate Armour           Summ/Erth      0%         N/A       100%        4
 Lehudib's Crystal Spear  Conj/Erth      0%         10d2      100%        8


Dungeon Overview and Level Annotations

Branches:
Dungeon (5/15)
 Temple: D:4-7

Altars:
Fedhas
Makhleb

Shops:
D:1 (   D:3 (


Innate Abilities, Weirdness & Mutations

Your spellcasting is much less encumbered by armour.
You can use scrolls of enchantment on lesser artefacts.


Message History

The gnoll sergeant barely misses you.
You hit the gnoll but do no damage.
The gnoll hits you from afar with a +0 halberd.
The gnoll hits you with a +0 flail.
You hit the gnoll.
You feel better.
The gnoll is moderately wounded.
You block the gnoll's attack. The gnoll hits you with a +0 flail.
You completely miss the gnoll.
The gnoll is moderately wounded.
The gnoll hits you from afar with a +0 halberd.
You block the gnoll's attack. The gnoll closely misses you.
The gnoll barely misses you.
You barely miss the gnoll.
The gnoll is moderately wounded.
The gnoll completely misses you. You block the gnoll's attack.
You hit the gnoll.
The gnoll is heavily wounded.
The gnoll hits you from afar with a +0 halberd.
The gnoll hits you but does no damage.
You hit the gnoll.
You kill the gnoll!
Makhleb accepts your kill.
The gnoll hits you from afar with a +0 halberd.
The gnoll hits you but does no damage. You block the gnoll's attack.
The gnoll sergeant hits you from afar with a +4 spear of flaming!
The gnoll sergeant burns you.
Your Long Blades skill increases to level 2!
It was a potion of curing.
You feel better. The gnoll hits you with a +0 club.
The gnoll sergeant hits you from afar with a +4 spear of flaming!
* * * LOW HITPOINT WARNING * * *
The gnoll sergeant burns you.
* * * LOW HITPOINT WARNING * * *
The gnoll hits you from afar with a +0 halberd!
* * * LOW HITPOINT WARNING * * *
There are monsters nearby!
It was a potion of invisibility.
You fade into invisibility!
The gnoll barely misses you.
The gnoll sergeant hits you from afar with a +4 spear of flaming.
You die...

......... ..
###.......##..#
.............#
###..>....#..#
#.............#
##..$.g..#....
#....gWg......
##.#.#g#.#.##
#g##@# #g##.#
#S##.. #ยง#####
#.###<#
#.#.....#
#.....###
#.........#
##....##.....


You could see a phantom (unable to see you), a gnoll sergeant (unable to see
you) and 3 gnolls.

Vanquished Creatures
  2 hounds (D:5)
  Jessica (D:3)
  An iguana (D:3)
  An orc wizard (D:4)
  Natasha (D:4)
  4 gnolls
  3 adders
  2 ribbon worms
  3 orcs (D:4)
  7 ball pythons
  2 endoplasms
  A giant cockroach (D:4)
  4 goblins (D:4)
  4 hobgoblins
  9 kobolds
  5 quokkas
  2 bats (D:1)
  2 frilled lizards
  5 rats
59 creatures vanquished.

Notes
Turn   | Place    | Note
-------+----------+-------------------------------------------
     0 | D:1      | BobbitoMcGitto the Mountain Dwarf Fighter began the quest
                  | for the Orb.
     0 | D:1      | Reached XP level 1. HP: 19/19 MP: 1/1
   327 | D:1      | Found Cufi's Weapon Shop.
   340 | D:1      | Reached XP level 2. HP: 26/26 MP: 2/2
  1234 | D:2      | Reached XP level 3. HP: 31/31 MP: 3/3
  1589 | D:3      | Found a blossoming altar of Fedhas.
  1666 | D:3      | Reached XP level 4. HP: 4/39 MP: 4/4
  1807 | D:3      | Found Lotiefac's Antique Weapon Shop.
  2091 | D:3      | Noticed Jessica
  2098 | D:3      | Killed Jessica
  2364 | D:3      | Bought a glowing long sword for 143 gold pieces
  2553 | D:4      | Reached XP level 5. HP: 12/46 MP: 1/5
  3110 | D:4      | Noticed Natasha
  3120 | D:4      | Killed Natasha
  3121 | D:4      | Reached skill level 1 in Long Blades
  3197 | D:4      | Found a burning altar of Makhleb.
  3207 | D:4      | Became a worshipper of Makhleb the Destroyer
  3348 | D:5      | Entered Level 5 of the Dungeon
  3356 | D:5      | Noticed a phantom
  3384 | D:5      | Reached XP level 6. HP: 47/53 MP: 4/6
  3396 | D:5      | Slain by a gnoll sergeant

Illustrated notes

Levels and vault maps discovered:
D:1:      dpeg_arrival_short_road, layout_loops_ring, serial_shops, shop,
          minmay_misc_feat_alley
D:2:      layout_basic
D:3:      layout_rooms, fedhas_altar_4, serial_shops, shop, uniq_jessica
D:4:      layout_loops_ring, lightli_temple_of_fire, uniq_natasha
D:5:      layout_basic, st_stairs_4

Skill      XL: |  1  2  3  4  5  6 |
---------------+-------------------+-----
Axes           | 3 |  3.9
Armour         | 4 |  4.8
Shields        | 4 |  4.1
Fighting       | 4 |  4.3
Long Blades    | 1 2 |  2.0
Dodging        | |  0.2
Stealth        | |  0.1

Action                     |  1- 3 |  4- 6 || total
---------------------------+-------+-------++-------
  Melee: War axe           |    62 |    16 ||    78
         Long sword        |       |   109 ||   109
    Use: Potion            |     1 |     3 ||     4
 Armour: Scale mail        |    48 |   132 ||   180
  Dodge: Dodged            |    32 |    54 ||    86
  Block: Buckler           |    12 |    30 ||    42

Table legend: (Time is in decaauts)
 A = Elapsed time spent in this place.
 B = Non-inter-level travel time spent in this place.
 C = Inter-level travel time spent in this place.
 D = Time resting spent in this place.
 E = Time spent auto-exploring this place.
 F = Levels seen in this place.
 G = Mean time per level.
                   A        B        C        D        E       F      G
               +--------+--------+--------+--------+--------+-----+--------+
         Total |   3466 |   3223 |    243 |    300 |   1808 |   5 |  693.2 |
       Dungeon |   3466 |   3223 |    243 |    300 |   1808 |   5 |  693.2 |
               +--------+--------+--------+--------+--------+-----+--------+

Top non-repeatable levels by time:
     D:1: 1029 daAuts
     D:4: 939 daAuts
     D:3: 886 daAuts
     D:2: 552 daAuts
     D:5: 59 daAuts
